 Dungeon Crawl Stone Soup version 0.29.1-15-g9cfb28693d (webtiles) character file.

Game seed: 2516404189820463642

126 croobank the Firebug (level 4, 0/31 HPs)
             Began as a Demonspawn Fire Elementalist on Mar 23, 2023.
             Slain by an orc priest
             ... wielding a +0 hand axe
              (6 damage)
             ... on level 3 of the Dungeon.
             The game lasted 00:08:34 (2749 turns).

croobank the Firebug (Demonspawn Fire Elementalist) Turns: 2749, Time: 00:08:34

Health: 0/31       AC:  5    Str:  7 (8)  XL:     4   Next: 84%
Magic:  4/8        EV: 12    Int: 17 (18) God:
Gold:   120        SH:  0    Dex: 13 (14) Spells: 1/8 levels left

rFire   . . .      SeeInvis .   a - +0 short sword
rCold   . . .      Faith    .   (no shield)
rNeg    . . .      Spirit   .   e - +0 robe
rPois   .          Reflect  .   n - +0 helmet
rElec   .          Harm     .   (no cloak)
rCorr   .          Rampage  .   (no gloves)
Will    .....                   (no boots)
Stlth   ++........              (no amulet)
HPRegen 0.10/turn               (no ring)
MPRegen 0.11/turn               (no ring)

@: no status effects
A: hooves 1, yellow scales 1
a: no special abilities


You were on level 3 of the Dungeon.
You visited 1 branch of the dungeon, and saw 3 of its levels.

You collected 120 gold pieces.

Inventory:

Hand Weapons
 a - a +0 short sword (weapon)
 b - a +0 sling
 k - a +0 dagger
 q - a +0 bardiche
Missiles
 f - a throwing net (quivered)
 s - 6 boomerangs
Armour
 d - a +0 ring mail
 e - a +0 robe (worn)
 n - a +0 helmet (worn)
Magical Staves
 j - a staff of death
Jewellery
 h - a +4 ring of evasion
Scrolls
 c - 2 scrolls of identify {unknown}
 l - a scroll of enchant weapon {unknown}
 m - 3 scrolls of immolation {unknown}
 o - a scroll of summoning {unknown}
 p - a scroll of magic mapping {unknown}
Potions
 g - a potion of degeneration
 r - a potion of attraction {unknown}


   Skills:
 + Level 0.6 Fighting
 + Level 2.4 Dodging
 + Level 2.6 Stealth
 + Level 2.8 Spellcasting
 + Level 2.1 Conjurations
 + Level 3.2 Fire Magic


You had one spell level left.
You knew the following spells:

 Your Spells              Type           Power      Damage    Failure   Level
a - Foxfire               Conj/Fire      44%        2x1d6     6%          1
b - Scorch                Fire           26%        2d6       7%          2
c - Flame Wave            Conj/Fire      11%        2d6       52%         4

Your spell library contained the following spells:

 Spells                   Type           Power      Damage    Failure   Level
 Conjure Flame            Conj/Fire      11%        6-21      19%         3
 Inner Flame              Hex/Fire       7%         N/A       26%         3


Dungeon Overview and Level Annotations

Branches:
Dungeon (3/15)

Altars:

Shops:
D:2 =


Innate Abilities, Weirdness & Mutations

You have large cloven feet.
You are partially covered in yellow scales. (AC +2)


Message History

You kick the orc priest, but do no damage.
The orc priest is lightly wounded.
The orc priest mumbles some strange prayers to Beogh against you.
Beogh smites you!
You barely miss the orc priest.
You kick the orc priest, but do no damage.
The orc priest is lightly wounded.
The orc priest is no longer more vulnerable to fire.
The orc priest looks satisfied for a moment.
You hit the orc priest. Your kick misses the orc priest.
The orc priest is moderately wounded.
The orc priest hits you but does no damage. x2
Casting: Scorch (safe; 7% risk of failure)
Confirm with . or Enter, or press ? or * to list all spells.
You don't have enough magic to cast this spell.
You closely miss the orc priest. You kick the orc priest.
The orc priest is heavily wounded.
The orc priest looks braver for a moment.
You closely miss the orc priest.
The orc priest is heavily wounded.
The orc priest hits you with a +0 hand axe.
* * * LOW HITPOINT WARNING * * *
It was a potion of degeneration.
There was something very wrong with that liquid.
You feel weakened.
You feel dopey.
You feel clumsy.
The orc priest hits you but does no damage.
Magic courses through your body. The orc priest barely misses you.
The orc priest attacks as you move away!
The orc priest closely misses you.
Casting: Scorch (safe; 7% risk of failure)
Confirm with . or Enter, or press ? or * to list all spells.
Flames lash the orc.
The orc is almost dead.
The orc's fire resistance burns away.
The orc priest closely misses you.
Casting: Scorch (safe; 7% risk of failure)
Confirm with . or Enter, or press ? or * to list all spells.
Flames lash the orc.
The orc is burned terribly!
You kill the orc!
The orc priest hits you with a +0 hand axe.
You die...

.....<................
..##.........#........
......#......#........
.####.#.####.#........
....####.........>
.#..........#+#+#+#
#########)).##.#.#
....'...)o...#
#####...##@###
#...##.# #...##..
#...###.# #...# .#
#...# .# #### .. #.


You could see an orc priest.

Vanquished Creatures
  An orc wizard (D:3)
  Robin (D:2)
  An adder (D:2)
  3 worms (D:2)
  3 dart slugs
  2 orcs (D:3)
  5 bats
  8 endoplasms
  5 giant cockroaches
  12 goblins
  4 hobgoblins
  2 jackals (D:2)
  A kobold (D:1)
  A quokka (D:2)
  8 ball pythons
  2 frilled lizards
  6 rats
65 creatures vanquished.

Vanquished Creatures (others)
  63 foxfires
63 creatures vanquished.

Grand Total: 128 creatures vanquished

Notes
Turn   | Place    | Note
-------+----------+-------------------------------------------
     0 | D:1      | croobank the Demonspawn Fire Elementalist began the quest
                  | for the Orb.
     0 | D:1      | Reached XP level 1. HP: 13/13 MP: 3/3
   453 | D:1      | Gained mutation: You are partially covered in yellow
                  | scales. (AC +2) [demonic ancestry]
   453 | D:1      | Reached XP level 2. HP: 17/19 MP: 1/5
   456 | D:1      | Learned a level 2 spell: Scorch
   497 | D:1      | Found a faded altar of an unknown god.
  1317 | D:2      | Noticed Robin
  1385 | D:2      | Reached XP level 3. HP: 24/24 MP: 3/6
  1390 | D:2      | Reached skill level 3 in Fire Magic
  1924 | D:2      | Killed Robin
  1934 | D:2      | Gained mutation: You have large cloven feet. [demonic
                  | ancestry]
  1934 | D:2      | Reached XP level 4. HP: 30/30 MP: 0/7
  2005 | D:1      | Learned a level 4 spell: Flame Wave
  2502 | D:2      | Found Roorekue's Jewellery Shoppe.
  2749 | D:3      | Slain by an orc priest

Illustrated notes

Levels and vault maps discovered:
D:1:      sevenhm_arrival_forest_fort_large_4, layout_loops_ring,
          basic_ecumenical_altar
D:2:      layout_rooms, serial_shops, shop, minmay_pentomino_z4, uniq_robin
D:3:      layout_basic, serial_rivers, chequers_serial_rivers_room_a,
          chequers_serial_rivers_micro_b, chequers_serial_rivers_large_a,
          chequers_serial_rivers_small_a

Skill      XL: |  1  2  3  4 |
---------------+-------------+-----
Stealth        | 2 |  2.6
Dodging        | 2 |  2.4
Fire Magic     | 3 |  3.2
Conjurations   | 2 |  2.1
Fighting       | |  0.6
Spellcasting   | |  2.8

Action                   |  1- 3 |  4- 6 || total
-------------------------+-------+-------++-------
Melee: Staff             |    12 |       ||    12
       Punch             |     1 |       ||     1
       Short sword       |       |     5 ||     5
       Kick              |       |     3 ||     3
 Fire: Sling             |    17 |    33 ||    50
 Cast: Foxfire           |    30 |     8 ||    38
       Scorch            |    20 |    21 ||    41
  Use: Potion            |       |     2 ||     2
Armor: Robe              |     7 |     5 ||    12
Dodge: Dodged            |    17 |    10 ||    27
